AoeStats
← CHAO NGAY MOI

Glade

510299875Analyzed
1v1 RM · 13h ago on Sep 30, 2026· 45m 54s· 2 players
Game mode
Random Map
Map size
Tiny (2 player)
Population
200
Speed
Normal
Resources
Standard
Victory
Conquest
Starting age
Dark Age
Ending age
Imperial Age
RankedLock teamsTeams togetherTeam positionsShared explorationLock speedFull tech treeHidden civsTurbo modeCheats
Victory
Defeat
🇯🇵 Sicilians · Japan
912
+14
🇦🇺 Tatars · Australia
866
-14
CHAO NGAY MOI
9:50 Loom
11:38 Feudal Age
16:16 Castle Age
15:50 Horse Collar
16:14 Double-Bit Axe
21:40 Wheelbarrow
22:02 Bow Saw
26:05 Forging
25:57 Scale Mail Armor
26:11 Forging
26:37 Heavy Plow
32:17 Imperial Age
30:39 Gold Mining
30:42 Stone Mining
32:08 Iron Casting
31:54 Chain Mail Armor
32:15 Hand Cart
32:10 Gambesons
32:29 Squires
32:15 Arson
33:48 Conscription
34:17 Gold Shaft Mining
33:46 Town Watch
35:01 Elite Serjeant
36:43 Town Patrol
37:39 Plate Mail Armor
38:18 Blast Furnace
37:10 Fletching
38:15 First Crusade
38:38 Stone Shaft Mining
gerp
11:30 Feudal Age
13:22 Loom
15:55 Castle Age
15:33 Loom
15:38 Horse Collar
15:46 Double-Bit Axe
19:19 Bloodlines
22:12 Wheelbarrow
22:14 Bow Saw
24:06 Silk Armor
24:15 Town Watch
24:50 Scale Barding Armor
28:14 Chain Barding Armor
31:51 Hand Cart
34:40 Imperial Age
33:21 Forging
33:04 Fletching
33:22 Husbandry
34:58 Elite Keshik
36:25 Plate Barding Armor
36:26 Iron Casting
35:47 Bodkin Arrow
36:38 Hand Cart
36:26 Town Patrol
40:36 Blast Furnace
39:37 Bracer
41:13 Padded Archer Armor
41:29 Masonry
45:38 Heavy Cavalry Archer
Connection lost

Rejoining the realm…

Still unreachable

The connection could not be restored.

Session expired

The server has moved on; the page needs a fresh start.